 Dungeon Crawl Stone Soup version 0.17.1-1-g73c8601 (webtiles) character file.

128 Dickchan the Skirmisher (level 4, -1/35 HPs)
             Began as a Demonspawn Fighter on Dec 12, 2015.
             Slain by an ogre
             ... wielding a +0 giant club
              (23 damage)
             ... on level 3 of the Dungeon.
             The game lasted 00:04:01 (2198 turns).

Dickchan the Skirmisher (Demonspawn Fighter)        Turns: 2198, Time: 00:04:01

Health: -1/35      AC:  6    Str: 17    XL:     4   Next: 86%
Magic:  4/4        EV:  7    Int: 10    God:
Gold:   82         SH:  9    Dex: 12    Spells: 0 memorised, 3 levels left

rFire  . . .     SeeInvis .     a - +0 long sword
rCold  . . .     Clarity  .     b - +0 scale mail
rNeg   . . .     SustAt   .     c - +0 shield
rPois  .         Gourm    .     (no helmet)
rElec  .         Spirit   .     (no cloak)
rCorr  .         Warding  .     (no gloves)
rMut   .         Stasis   .     (no boots)
MR     .....                    (no amulet)
Stlth  ..........               (no ring)
                                (no ring)

@: not resistant to hostile enchantments, extremely unstealthy
A: powered by death 1
a: no special abilities


You were on level 3 of the Dungeon.
You were hungry.

You visited 1 branch of the dungeon, and saw 4 of its levels.

You collected 82 gold pieces.

Inventory:

Hand Weapons
 a - a +0 long sword (weapon)
 p - a +3 long sword of holy wrath
Armour
 b - a +0 scale mail (worn)
 c - a +0 shield (worn)
 j - a +0 leather armour of magic resistance
Wands
 s - a wand of digging (16)
Scrolls
 i - 2 scrolls of recharging {unknown}
 k - 3 scrolls of amnesia {unknown}
 l - 2 scrolls of enchant weapon {unknown}
 m - 4 scrolls of identify {unknown}
 r - a scroll of magic mapping {unknown}
Potions
 d - a potion of might
 f - 2 potions of haste {unknown}
 g - 2 potions of flight {unknown}
 n - a potion of invisibility {unknown}
 q - 3 potions of curing {unknown}
 t - a potion of heal wounds {unknown}
Comestibles
 e - 3 bread rations
 h - a slice of pizza
 o - 2 beef jerkies


   Skills:
 + Level 3.5 Fighting
 + Level 2.5 Long Blades
 + Level 3.5 Armour
 + Level 1.5 Dodging
 + Level 3.2 Shields


You had 3 spell levels left.
You didn't know any spells.

Dungeon Overview and Level Annotations

Branches:
Dungeon (4/15)
 Temple: D:4-7

Altars:


Innate Abilities, Weirdness & Mutations

You regenerate a little health from kills.


Message History

The ogre is lightly wounded.
The ogre closely misses you.
You hit the ogre.
The ogre is lightly wounded.
The ogre hits you with a giant club.
You slash the ogre!
The ogre is moderately wounded.
The ogre hits you with a giant club!
You barely miss the ogre.
The ogre is moderately wounded.
You block the ogre's attack.
You hit the ogre but do no damage.
The ogre is moderately wounded.
The ogre closely misses you. You block the ogre's attack.
You are feeling hungry.
You hit the ogre.
The ogre is heavily wounded.
The ogre hits you with a giant club!!
Ouch! That really hurt!
You die...

#.......# ##.## #.###
#.##.##.#####...#####.#
#.##.##.......#.....#.#
#.##.########...###.#.#
#.##.# #.....####.#.###
#.##.# #.#######.#.[...
#.##.# #.........###....
#.##.####..#######.#..###
#.....(.@O.# ##.#.#
#..#(#####.# #.#.# #..#.#
#.########.#.# #..#.#
#............### #..#.#
######.####.... #..#.#
#.# #.### ####..#.######
#.# #.#
#............######.# #.#
#.##..#.....<.......# #.#


You could see an ogre.

Vanquished Creatures
  Terence (D:3)
  5 adders
  An ooze (D:2)
  A worm (D:2)
  2 giant geckos
  4 orcs (D:3)
  4 giant cockroaches
  7 goblins
  7 hobgoblins
  3 jackals (D:3)
  3 kobolds (D:1)
  A quokka (D:3)
  4 bats
  3 giant newts
  5 rats
51 creatures vanquished.

Notes
Turn   | Place    | Note
--------------------------------------------------------------
     0 | D:1      | Dickchan the Demonspawn Fighter began the quest for the Orb.
     0 | D:1      | Reached XP level 1. HP: 18/18 MP: 1/1
    91 | D:1      | Gained mutation: You regenerate a little health from kills. [demonic ancestry]
    91 | D:1      | Reached XP level 2. HP: 4/24 MP: 2/2
   735 | D:2      | Reached XP level 3. HP: 27/29 MP: 3/3
  1381 | D:3      | Reached skill level 1 in Dodging
  1381 | D:3      | Reached XP level 4. HP: 32/35 MP: 4/4
  1484 | D:3      | Noticed an ogre
  1699 | D:3      | Noticed Terence
  1723 | D:3      | Killed Terence
  1803 | D:3      | You fall through a shaft!
  2198 | D:3      | Slain by an ogre

Action                   |  1- 3 |  4- 6 || total
-------------------------+-------+-------++-------
Melee: Long sword        |   133 |    60 ||   193
  Eat: Chunk             |     2 |     2 ||     4
